 Dungeon Crawl Stone Soup version 0.28-a0-1415-g7c84da036a (webtiles) character file.

Game seed: 9119906177020250868

208 bande the Covered (level 5, 0/49 HPs)
             Began as a Gargoyle Fighter on Jan 8, 2022.
             Slain by an orc (1 damage)
             ... on level 4 of the Dungeon.
             The game lasted 00:02:07 (1889 turns).

bande the Covered (Gargoyle Fighter)                Turns: 1889, Time: 00:02:07

Health: 0/49       AC: 12    Str: 19    XL:     5   Next: 86%
Magic:  5/5        EV:  9    Int:  9    God:
Gold:   25         SH:  4    Dex: 11    Spells: 4/4 levels left

rFire   . . .      SeeInvis .   a - +0 war axe
rCold   . . .      Faith    .   c - +0 buckler
rNeg    + . .      Spirit   .   b - +0 scale mail
rPois   ∞          Reflect  .   (no helmet)
rElec   +          Harm     .   i - +0 cloak
rCorr   .          Rampage  .   (no gloves)
Will    .....                   (no boots)
Stlth   ..........              (no amulet)
HPRegen 0.16/turn               (no ring)
MPRegen 0.09/turn               (no ring)

@: berserking (expiring), very quick
A: sickness immunity, AC +4, negative energy resistance 1, electricity
resistance, torment resistance 1, petrification resistance
a: no special abilities


You were on level 4 of the Dungeon.
You visited 1 branch of the dungeon, and saw 3 of its levels.

You collected 25 gold pieces.

Inventory:

Hand Weapons
 a - a +0 war axe (weapon)
Armour
 b - a +0 scale mail (worn)
 c - a +0 buckler (worn)
 i - a +0 cloak (worn)
Scrolls
 e - a scroll of acquirement {unknown}
 f - a scroll of fog {unknown}
 g - 2 scrolls of teleportation {unknown}
 h - a scroll of enchant armour {unknown}
 j - 3 scrolls of summoning {unknown}
Potions
 d - a potion of might


   Skills:
 + Level 3.8 Fighting
 + Level 4.0 Axes
 + Level 4.4 Armour
 + Level 4.0 Shields


You had 4 spell levels left.
You didn't know any spells.
Your spell library was empty.

Dungeon Overview and Level Annotations

Branches:
Dungeon (2/15)

Altars:


Innate Abilities, Weirdness & Mutations

You are immune to sickness and miasma.
Your stone body is resilient. (AC +4)
You are immune to poison.
You resist negative energy. (rN+)
You are resistant to electric shocks. (rElec)
You are resistant to unholy torment.
You are immune to petrification.


Message History

The scorpion is moderately wounded.
The scorpion closely misses you. The scorpion stings you.
* * * LOW HITPOINT WARNING * * *
You barely miss the scorpion.
The scorpion is moderately wounded.
The scorpion stings you but does no damage.
You barely miss the scorpion.
The scorpion is moderately wounded.
The scorpion stings you.
* * * LOW HITPOINT WARNING * * *
You block the scorpion's attack.
Unknown command.
It was a potion of berserk rage.
A red film seems to cover your vision as you go berserk!
You feel yourself moving faster!
You feel mighty! You block the scorpion's attack.
You barely miss the scorpion.
The scorpion is moderately wounded.
The scorpion stings you but does no damage.
You slash the scorpion!
The scorpion is almost dead.
The scorpion stings you!
* * * LOW HITPOINT WARNING * * *
You hit the scorpion.
You kill the scorpion!
Your Axes skill increases to level 4!
Your Shields skill increases to level 4!
You closely miss the gnoll. The gnoll closely misses you.
You slash the gnoll!
The gnoll is severely wounded.
You block the orc's attack. The gnoll barely misses you.
You closely miss the gnoll.
The gnoll is severely wounded.
The orc hits you from afar with a +0 trident.
* * * LOW HITPOINT WARNING * * *
You block the gnoll's attack.
You slash the gnoll!
You kill the gnoll!
The orc hits you from afar with a +0 trident.
You die...

### ..# #.#
#.# #@# #
#)# .. #o#
... #K#
.... #B#
8.... #J#
....o.###g#
....KBg.).#
...######.#


You could see an orc, an endoplasm, a giant cockroach, a hobgoblin and a kobold.

Vanquished Creatures
  A bullfrog (D:4)
  A scorpion (D:4)
  A hound skeleton (D:2)
  3 gnolls (D:4)
  An adder (D:4)
  4 dart slugs (D:1)
  3 ball pythons (D:1)
  2 bats
  3 endoplasms (D:1)
  A giant cockroach (D:1)
  4 goblins
  2 hobgoblins
  3 jackals (D:1)
  4 quokkas (D:1)
  2 rats (D:1)
35 creatures vanquished.

Notes
Turn   | Place    | Note
-------+----------+-------------------------------------------
     0 | D:1      | bande the Gargoyle Fighter began the quest for the Orb.
     0 | D:1      | Reached XP level 1. HP: 14/14 MP: 1/1
   471 | D:1      | Reached XP level 2. HP: 19/19 MP: 2/2
   675 | D:1      | Reached XP level 3. HP: 23/23 MP: 3/3
  1020 | D:1      | Found a faded altar of an unknown god.
  1478 | D:2      | You fall into a shaft and drop 2 floors!
  1482 | D:4      | Noticed a bullfrog
  1488 | D:4      | Killed a bullfrog
  1489 | D:4      | Reached XP level 4. HP: 18/29 MP: 4/4
  1489 | D:4      | Reached XP level 5. HP: 21/33 MP: 5/5
  1884 | D:4      | HP: 2/49 [scorpion (7)]
  1889 | D:4      | Slain by an orc

Illustrated notes

Levels and vault maps discovered:
D:1:      minmay_arrival_solitary_statue, layout_loops_ring,
          basic_ecumenical_altar
D:2:      layout_rooms, serial_shops, nicolae_diamond_shop
D:4:      layout_loops_ring, temple_hall, grunt_decor_arrowhead,
          minmay_pentangle

Skill      XL: |  1  2  3  4  5 |
---------------+----------------+-----
Axes           | 2 3 4 |  4.0
Armour         | 4 |  4.4
Shields        | 4 |  4.0
Fighting       | |  3.8

Action                   |  1- 3 |  4- 6 || total
-------------------------+-------+-------++-------
Melee: War axe           |    94 |    29 ||   123
  Use: Potion            |       |     1 ||     1
Armor: Scale mail        |    55 |    18 ||    73
Dodge: Dodged            |    47 |     8 ||    55
Block: Buckler           |    16 |     6 ||    22

Table legend: (Time is in decaauts)
 A = Elapsed time spent in this place.
 B = Non-inter-level travel time spent in this place.
 C = Inter-level travel time spent in this place.
 D = Time resting spent in this place.
 E = Time spent auto-exploring this place.
 F = Levels seen in this place.
 G = Mean time per level.
                   A        B        C        D        E       F      G
               +--------+--------+--------+--------+--------+-----+--------+
         Total |   1937 |   1861 |     76 |    356 |   1214 |   3 |  645.7 |
       Dungeon |   1937 |   1861 |     76 |    356 |   1214 |   3 |  645.7 |
               +--------+--------+--------+--------+--------+-----+--------+

Top non-repeatable levels by time:
     D:1: 1462 daAuts
     D:4: 420 daAuts
     D:2: 54 daAuts
